 Dungeon Crawl Stone Soup version 0.20.1-1-g8b1a95d (webtiles) character file.

24841 homeworkjunkie the Severer (level 13, 0/116 HPs)
             Began as a Hill Orc Fighter on Dec 12, 2017.
             Was the Champion of Okawaru.
             Slain by a two-headed ogre
             ... wielding a +0 giant club
              (21 damage)
             ... on level 2 of the Orcish Mines.
             The game lasted 00:28:14 (15845 turns).

homeworkjunkie the Severer (Hill Orc Fighter)      Turns: 15845, Time: 00:28:16

Health: 0/116      AC: 17    Str: 22    XL:     13   Next: 15%
Magic:  16/16      EV:  9    Int:  8    God:    Okawaru [******]
Gold:   897        SH: 12    Dex: 12    Spells: 12/12 levels left

rFire    . . .     SeeInvis .   l - +4 war axe (venom)
rCold    . . .     Gourm    .   c - +0 shield
rNeg     . . .     Faith    .   j - +4 chain mail of Amelioration {Stlth+}
rPois    +         Spirit   .   s - +0 hat {MR+}
rElec    .         Reflect  .   (no cloak)
rCorr    .         Harm     .   u - +0 pair of gloves
MR       ++...                  (no boots)
Stlth    ..........             (no amulet)
Regen    0.3/turn               g - ring of protection from magic
MPRegen  0.2/turn               a - ring of poison resistance

@: studying Armour
A: no striking features
a: Heroism, Finesse, Renounce Religion, Convert to Beogh


You were on level 2 of the Orcish Mines.
You worshipped Okawaru.
Okawaru was exalted by your worship.
You were not hungry.

You visited 3 branches of the dungeon, and saw 18 of its levels.
You visited 1 bazaar.
You also visited: Sewer and Ossuary.

You collected 1411 gold pieces.
You spent 514 gold pieces at shops.

Inventory:

Hand Weapons
 l - a +4 war axe of venom (weapon)
 A - a +2 executioner's axe of freezing
Armour
 b - a +4 scale mail
 c - a +0 shield (worn)
 j - the +4 chain mail of Amelioration (worn) {Stlth+}
   (You bought it in a shop in a bazaar)

   It makes you more stealthy.
 s - a +0 hat of magic resistance (worn)
 u - a +0 pair of gloves (worn)
Jewellery
 a - a ring of poison resistance (right hand)
 g - a ring of protection from magic (left hand)
Wands
 w - a wand of digging (11/24)
 y - a wand of scattershot (6/9)
 z - a wand of enslavement (10/24)
Scrolls
 d - 3 scrolls of teleportation
 e - 9 scrolls of identify
 m - 2 scrolls of remove curse
 r - a scroll of immolation
Potions
 h - 3 potions of mutation
 o - 5 potions of agility
 q - 2 potions of resistance
 t - 3 potions of lignification
 v - 2 potions of cancellation
 x - a potion of flight
Books
 B - a manual of Armour
Comestibles
 f - 4 meat rations
 i - a bread ration


   Skills:
 * Level 11.5 Fighting
 * Level 16.2 Axes
 * Level 11.9 Armour
 + Level 3.1 Dodging
 + Level 1.5 Stealth
 * Level 10.9 Shields
 * Level 5.0 Evocations


You had 12 spell levels left.
You didn't know any spells.

Dungeon Overview and Level Annotations

Branches:
Dungeon (15/15)            Temple (1/1) D:6            Lair (0/6) D:11
    Orc (2/2) D:11            Elf (0/3) Orc:2        Vaults (0/5) D:14
 Depths: D:15

Altars:
Ashenzari
Dithmenos
Elyvilon
Fedhas
Gozag
Nemelex Xobeh
Okawaru
Qazlal
Ru
Sif Muna
Trog
Uskayaw
Vehumet
Beogh

Shops:
D:5 (   D:11 [:(   Orc:1 }}


Message History

The two-headed ogre is severely wounded.
You slash the two-headed ogre!
The two-headed ogre looks as sick as possible!
The two-headed ogre is almost dead.
You barely miss the orc warrior.
The two-headed ogre hits you with a giant club!
The two-headed ogre hits you with a giant spiked club!
* * * LOW HITPOINT WARNING * * *
You slash the orc warrior!
The orc warrior looks as sick as possible!
The orc warrior is heavily wounded.
You hit the two-headed ogre but do no damage.
The two-headed ogre looks as sick as possible!
The orc warrior hits you but does no damage.
The orc priest calls upon Beogh to heal the orc warrior.
The orc warrior is healed somewhat.
The two-headed ogre hits you with a giant club!
* * * LOW HITPOINT WARNING * * *
The two-headed ogre hits you with a giant spiked club!!
You die...

.........#.#...##
.....................##.
....................##..
...................###.
............##.....##.
#o.........#.#...###.
#...............#...
#Oo.........#.[#...
#@...........[)...
##............[...
##........[#[##..
##.......[.##...
##.....#.#.##.#
##..#.#....###
##.........##
##....#..... ##.#####.#.


You could see a two-headed ogre, an orc warrior and an orc priest.

Vanquished Creatures
  An orc warlord (Orc:2)
  Erolcha (Orc:1)
  A hydra (D:11)
  A centaur warrior (D:14)
  2 two-headed ogres (D:8)
  2 orc high priests
  3 orc sorcerers
  7 ugly things
  4 manticores
  A centaur zombie (D:12)
  A cyclops (Orc:1)
  Joseph (D:8)
  3 gargoyles
  7 trolls
  A hippogriff (D:8)
  A shadow (D:14)
  A wraith (Ossuary)
  5 wyverns
  5 yaks
  2 hungry ghosts
  3 wargs
  A soldier ant (D:12)
  A sky beast (D:9)
  20 orc warriors
  An ice beast (D:10)
  A phantom (D:14)
  3 black bears
  11 ogres
  3 centaurs
  2 big kobolds (D:11)
  3 gnoll sergeants (D:11)
  9 bullfrogs
  3 scorpions
  7 killer bees (D:10)
  4 electric eels
  A howler monkey (D:6)
  3 crimson imps
  A bullfrog zombie (D:8)
  A quasit (D:10)
  5 orc priests
  2 hounds
  2 bullfrog skeletons
  4 centaur skeletons
  Ijyb (D:3)
  An iguana (D:5)
  18 orc wizards
  8 worker ants
  A hound zombie (D:10)
  2 hound skeletons (D:5)
  A mummy (Ossuary)
  A howler monkey skeleton (D:10)
  12 adders
  6 gnolls (D:11)
  3 river rats (D:3)
  16 oozes
  An adder skeleton (D:9)
  5 worms
  13 leopard geckos
  65 orcs
  10 bats
  12 giant cockroaches
  10 goblins
  2 hobgoblins (D:1)
  7 jackals
  4 kobolds
  4 quokkas
  12 ball pythons
  20 frilled lizards
  7 gnoll skeletons (Ossuary)
  2 jackal skeletons
  3 kobold skeletons (Ossuary)
  15 orc skeletons (Ossuary)
  2 quokka skeletons
  8 rats
413 creatures vanquished.

Notes
Turn   | Place    | Note
-------+----------+-------------------------------------------
     0 | D:1      | homeworkjunkie the Hill Orc Fighter began the quest for the Orb.
     0 | D:1      | Reached XP level 1. HP: 19/19 MP: 1/1
   207 | D:2      | Reached XP level 2. HP: 27/27 MP: 2/2
   477 | D:1      | Reached skill level 3 in Axes
   478 | D:1      | Reached XP level 3. HP: 33/33 MP: 3/3
   744 | D:3      | Noticed Ijyb
   760 | D:3      | Killed Ijyb
   800 | D:3      | You fall through a shaft for 2 floors!
   800 | D:5      | Entered Level 5 of the Dungeon
   825 | D:4      | Reached XP level 4. HP: 37/41 MP: 4/4
  1262 | D:3      | Reached skill level 4 in Axes
  1269 | D:3      | Found a glowing drain.
  1274 | Sewer    | Entered a sewer
  1535 | Sewer    | Reached XP level 5. HP: 41/47 MP: 5/5
  1823 | Sewer    | Reached skill level 5 in Fighting
  1823 | Sewer    | Reached skill level 5 in Axes
  1823 | Sewer    | Reached XP level 6. HP: 39/56 MP: 6/6
  2000 | D:3      | Reached skill level 1 in Dodging
  2336 | D:2      | Found a deep blue altar of Sif Muna.
  2336 | D:2      | Found a sacrificial altar of Ru.
  2757 | D:1      | Reached skill level 6 in Axes
  3023 | D:5      | Reached XP level 7. HP: 57/61 MP: 7/7
  3091 | D:6      | Found a sand-covered staircase.
  3101 | Ossuary  | Entered an ossuary
  3101 | Ossuary  | Noticed a wraith
  3101 | Ossuary  | Noticed a wraith
  3101 | Ossuary  | Noticed a wraith
  3240 | Ossuary  | Noticed a wraith
  3262 | Ossuary  | Killed a wraith
  3262 | Ossuary  | Reached skill level 5 in Shields
  3697 | D:6      | Found a staircase to the Ecumenical Temple.
  3703 | D:6      | Reached skill level 5 in Armour
  3769 | Temple   | Entered the Ecumenical Temple
  3841 | Temple   | Became a worshipper of Warmaster Okawaru
  3953 | D:6      | Reached skill level 7 in Axes
  4506 | D:5      | Reached XP level 8. HP: 68/70 MP: 8/8
  4544 | D:5      | Found a sparkling altar of Nemelex Xobeh.
  4562 | D:5      | Found a sparkling altar of Nemelex Xobeh.
  4677 | D:4      | Reached skill level 8 in Axes
  5080 | D:4      | Reached * piety under Okawaru
  5205 | D:4      | Reached skill level 9 in Axes
  5455 | D:5      | Found Utzyll's Weapon Shop.
  5459 | D:5      | Bought a +3 war axe of venom for 296 gold pieces
  5789 | D:5      | Found a radiant altar of Vehumet.
  6403 | D:7      | Reached XP level 9. HP: 70/75 MP: 9/9
  7139 | D:8      | Reached skill level 10 in Axes
  7157 | D:8      | Reached ** piety under Okawaru
  7170 | D:8      | Noticed a two-headed ogre
  7190 | D:8      | Killed a two-headed ogre
  7190 | D:8      | Reached *** piety under Okawaru
  7190 | D:8      | Reached skill level 11 in Axes
  7453 | D:8      | Noticed Joseph
  7467 | D:8      | Killed Joseph
  7467 | D:8      | Reached **** piety under Okawaru
  7467 | D:8      | Reached XP level 10. HP: 39/86 MP: 10/10
  7795 | D:8      | Noticed a two-headed ogre
  7810 | D:8      | Killed a two-headed ogre
  7810 | D:8      | Reached skill level 12 in Axes
  8055 | D:8      | Reached skill level 1 in Stealth
  8681 | D:10     | Entered Level 10 of the Dungeon
  9039 | D:11     | Noticed a gargoyle
  9948 | D:10     | Reached ***** piety under Okawaru
  9988 | D:11     | Noticed a six-headed hydra
 10114 | D:11     | Found Yrupros's Book Boutique.
 10292 | D:12     | Noticed a manticore
 10300 | D:12     | Killed a manticore
 10300 | D:12     | Reached skill level 13 in Axes
 10340 | D:14     | Noticed a centaur warrior
 10353 | D:14     | Reached XP level 11. HP: 46/95 MP: 11/11
 10374 | D:14     | Killed a centaur warrior
 10374 | D:14     | Reached skill level 1 in Evocations
 10476 | D:14     | Found a gate to the Vaults.
 10507 | D:14     | Found a flickering gateway to a bazaar.
 10513 | Bazaar   | Entered a bazaar
 10513 | Bazaar   | Found Yxkajebut's General Store.
 10513 | Bazaar   | Found Utzeuc's Antique Weapon Shop.
 10708 | Bazaar   | Found Rigumu's Antique Armour Emporium.
 10719 | Bazaar   | Found Vonep's Jewellery Boutique.
 10739 | Bazaar   | Found Evihaci's Magic Scroll Emporium.
 10769 | Bazaar   | Bought a polished chain mail for 218 gold pieces
 10779 | Bazaar   | Identified the +4 chain mail of Amelioration {Stlth+} (You bought it in a shop in a bazaar)
 10805 | D:14     | Noticed a green ugly thing
 10806 | D:14     | Noticed a green ugly thing
 10816 | D:15     | Entered Level 15 of the Dungeon
 10830 | D:14     | Noticed a green ugly thing
 10830 | D:14     | Noticed a green ugly thing
 10830 | D:14     | Noticed a green ugly thing
 10832 | D:14     | Noticed a green ugly thing
 10832 | D:14     | Killed a red ugly thing
 10847 | D:14     | Killed a brown ugly thing
 10848 | D:14     | Killed a green ugly thing
 10853 | D:14     | Killed a purple ugly thing
 10853 | D:14     | Received a gift from Okawaru
 10856 | D:14     | Killed a green ugly thing
 10858 | D:14     | Killed a red ugly thing
 11030 | D:13     | Reached skill level 14 in Axes
 11036 | D:13     | Noticed a manticore
 11050 | D:13     | Killed a manticore
 11100 | D:12     | Noticed a manticore
 11108 | D:12     | Killed a manticore
 11246 | D:12     | Reached skill level 10 in Fighting
 11437 | D:11     | Killed a six-headed hydra
 11437 | D:11     | Reached XP level 12. HP: 106/106 MP: 14/14
 11485 | D:11     | Found a staircase to the Lair.
 11485 | D:11     | Found Orakhaim's Weapon Shop.
 11661 | D:10     | Reached ****** piety under Okawaru
 11661 | D:10     | Reached skill level 15 in Axes
 11998 | D:10     | Received a gift from Okawaru
 11998 | D:10     | Reached skill level 10 in Shields
 12349 | D:11     | Reached skill level 10 in Armour
 12719 | D:11     | Found Fuzygof's Armour Emporium.
 12821 | D:11     | Found a staircase to the Orcish Mines.
 12875 | Orc:1    | Entered Level 1 of the Orcish Mines
 12875 | Orc:1    | Found Qetosch's Gadget Shoppe.
 12877 | Orc:1    | Noticed an orc high priest
 12885 | Orc:1    | Killed an orc high priest
 13345 | Orc:1    | Noticed Erolcha
 13359 | Orc:1    | Killed Erolcha
 13469 | Orc:1    | Found a roughly hewn altar of Beogh.
 13469 | Orc:1    | Found Sel Muule's Gadget Boutique.
 13645 | Orc:2    | Entered Level 2 of the Orcish Mines
 13890 | Orc:2    | Found a staircase to the Elven Halls.
 13915 | Orc:2    | Received a gift from Okawaru
 14313 | Orc:2    | Noticed an orc high priest
 14322 | Orc:2    | Killed an orc high priest
 14322 | Orc:2    | Reached skill level 16 in Axes
 14333 | Orc:2    | Noticed an orc warlord
 14752 | Orc:2    | Reached XP level 13. HP: 116/116 MP: 16/16
 15484 | Orc:2    | Killed an orc warlord
 15484 | Orc:2    | Reached skill level 5 in Evocations
 15835 | Orc:2    | Received a gift from Okawaru
 15845 | Orc:2    | Slain by a two-headed ogre

Skill      XL: |  1  2  3  4  5  6  7  8  9 10 11 12 13 |
---------------+----------------------------------------+-----
Fighting       | 4 5 6 7 8 10 11 | 11.5
Axes           | 3 4 5 6 7 9 11 13 14 16 | 16.2
Shields        | 4 5 6 7 8 9 10 | 10.9
Armour         | 4 5 6 7 8 9 11 | 11.9
Dodging        | 1 2 3 |  3.1
Stealth        | 1 |  1.5
Evocations     | 3 4 5 |  5.0

Action                   |  1- 3 |  4- 6 |  7- 9 | 10-12 | 13-15 || total
-------------------------+-------+-------+-------+-------+-------++-------
Melee: War axe           |    83 |   361 |   333 |   604 |    81 ||  1462
Evoke: Wand              |       |       |       |     9 |     2 ||    11
  Use: Scroll            |     4 |     6 |     5 |    12 |     3 ||    30
       Potion            |     1 |     4 |     5 |     7 |       ||    17
  Eat: Bread ration      |       |     1 |     3 |     5 |     1 ||    10
       Fruit             |       |     3 |       |       |       ||     3
       Chunk             |       |     2 |       |     2 |       ||     4
       Royal jelly       |       |       |     1 |     2 |       ||     3
       Meat ration       |       |       |     1 |       |       ||     1
Armor: Scale mail        |    46 |   230 |   122 |    65 |       ||   463
       Chain mail        |       |       |       |   131 |    14 ||   145
Dodge: Dodged            |    27 |   131 |    85 |   157 |    19 ||   419
Block: Shield            |    39 |   225 |   172 |   302 |    36 ||   774
